 Dungeon Crawl Stone Soup version 0.31-b1-17-gcfd88c8481 (webtiles) character file.

Game seed: 5933994558336807866

35 jagang the Trooper (level 3, -4/2 HPs)
             Began as a Human Monk on Jan 15, 2024.
             Slain by a sleepcap (6 damage)
             ... on level 2 of the Dungeon.
             The game lasted 00:02:38 (709 turns).

jagang the Trooper (Human Monk)                      Turns: 709, Time: 00:02:39

Health: -4/2       AC:  0    Str: 17    XL:     3   Next: 33%
Magic:  3/3        EV: 14    Int: 10    God:
Gold:   37         SH:  0    Dex: 23    Spells: 2/2 levels left

rFire   . . .        a - +0 falchion
rCold   . . .        d - orb {light}
rNeg    . . .        j - melded +0 chain mail
rPois   .            (no helmet)
rElec   .            (no cloak)
rCorr   .            (no gloves)
SInv    .            (no boots)
Will    .....        (no amulet)
Stlth   +            h - +6 ring of dexterity
HPRegen 0.20/turn    i - +6 ring of strength
MPRegen 0.08/turn

%: no passive effects
@: maw-form, glowing
A: devouring maw, reduced hp, explore regen
a: Begin Untransformation


You were on level 2 of the Dungeon.
You were a creature with a mouth for a stomach.
You visited 1 branch of the dungeon, and saw 2 of its levels.

You collected 37 gold pieces.

Inventory:

Hand Weapons
 a - a +0 falchion (weapon)
Armour
 d - an orb of light (worn)
 j - a +0 chain mail (melded)
 k - a +0 pair of gloves
 l - a +0 pair of gloves
Jewellery
 h - a +6 ring of dexterity (left hand)
 i - a +6 ring of strength (right hand)
Talismans
 e - a maw talisman (active)
Scrolls
 b - a scroll of poison {unknown}
 f - a scroll of enchant weapon {unknown}
Potions
 c - a potion of ambrosia
 g - a potion of heal wounds {unknown}


   Skills:
 * Level 3.5 Fighting
 * Level 3.4 Long Blades
 * Level 1.3 Armour
 - Level 3.0 Dodging


You had 2 spell levels left.
You didn't know any spells.
Your spell library was empty.

Dungeon Overview and Level Annotations

Branches:
Dungeon (2/15)

Altars:


Innate Abilities, Weirdness & Mutations

You are a creature with a mouth for a stomach.
Your midsection houses a second, enormous mouth.
Your maximum health is decreased, since you lack skill for your form.
You regain HP and MP as you explore.


Message History

You slash the ribbon worm!
The ribbon worm is heavily wounded.
The ribbon worm bites you.
You hit the ribbon worm.
The ribbon worm is heavily wounded.
The ribbon worm bites you.
You slash the ribbon worm!
The ribbon worm is almost dead.
The ribbon worm expels a string of sticky webbing.
The stream of webbing hits you but does no damage.
You are caught in a web!
You cannot attack while caught in a web.
A ribbon worm is nearby!
The ribbon worm expels a string of sticky webbing.
The stream of webbing hits you but does no damage.
You are even more entangled.
You begin transforming.
You continue transforming.
The ribbon worm bites you.
You continue transforming. x2
The ribbon worm expels a string of sticky webbing.
The stream of webbing hits you but does no damage.
You are even more entangled.
You turn into a creature with a mouth for a stomach.
Your +0 chain mail melds into your body.
HP restored.
The web tears apart.
The ribbon worm closely misses you.
You slash the ribbon worm!
You kill the ribbon worm!
You see here a ribbon worm corpse.
A sleepcap comes into view.
The sleepcap moves out of view.
A goblin comes into view. It is wielding a +0 club.
The goblin shouts!
Found 8 gold pieces and 3 poisoned darts.
The sleepcap misses you.
You hit the sleepcap but do no damage.
You bite the sleepcap, but do no damage.
The sleepcap closely misses you. The sleepcap releases spores at you.
Ouch! That really hurt!
You die...

..(......... ...........
... ........... ...
.......... ....
.........##g...#
$............ ..
..........##......
......fW.>##......
....####......... #
#..###...# ..# #†.#
#...#
.....###..###...########
#.......#.............
#...###.........# #..
#......<..†.+ ...
###.........#


You could see a sleepcap and a goblin.

Vanquished Creatures
  2 dart slugs (D:1)
  A ribbon worm (D:2)
  3 endoplasms
  2 giant cockroaches
  3 goblins (D:1)
  5 hobgoblins (D:1)
  2 bats (D:1)
  A frilled lizard (D:1)
  6 kobolds (D:1)
  2 rats
27 creatures vanquished.

Notes
Turn   | Place    | Note
-------+----------+-------------------------------------------
     0 | D:1      | jagang the Human Monk began the quest for the Orb.
     0 | D:1      | Reached XP level 1. HP: 18/18 MP: 1/1
    31 | D:1      | Reached XP level 2. HP: 11/24 MP: 2/2
   170 | D:1      | Reached skill level 1 in Armour
   496 | D:1      | Reached XP level 3. HP: 29/29 MP: 3/3
   709 | D:2      | Slain by a sleepcap

Illustrated notes

Levels and vault maps discovered:
D:1:      mrwooster_arrival_statue_2, layout_basic, grunt_decor_one_mirror
D:2:      layout_basic, minmay_pentomino_x4

Skill      XL: |  1  2 |
---------------+-------+-----
Armour         | 1 |  1.3
Fighting       | |  3.5
Long Blades    | |  3.4
Dodging        | |  3.0

Action                     || total
---------------------------++-------
  Melee: Falchion          ||    82
         Maw               ||     1
 Armour: Robe              ||     7
         Ring mail         ||    26
         Chain mail        ||    20
         Skin              ||     1
  Dodge: Dodged            ||    58
   Form: Maw               ||     1
